Unix NetHack Version 3.7.0-101 Work-in-progress - last build Apr 1 2024 13:39:02 (cf3915abb6dcc6e3362b2b16a766b7b4f6c45fc9,branch:master). Game began 2024-04-05 22:04:44, ended 2024-04-05 22:07:02. finitelycraig, lawful male human Priest ----------- --------------- |.........| |.......&.....| #-....>....| |......@......| #|.........| ----- ###-.............| #|.........| |...| # |.......d..F..| ------------ #|........{| |...| # -----------.--- |..........| #--|-------- |...| # # |....... ..| ## ## |...| # ## #|..##..##..|### # #.....###### ##### #|..##..##..|# ### #----- # -.-.- #-..........|# # ################### ## |.(.| #|..........|# ----.- #### -.-.-.-- |...| ####|..##..##..|# |....| # |..`...| |<^..#### |..##..##...# |.....##### |......| |...| |..........| .....| |......| ----- |..........| |....| ####.......| ------------ ------ -------- Finitelycraig the Aspirant St:11 Dx:12 Co:13 In:9 Wi:18 Ch:12 Lawful Dlvl:1 $:12 HP:0(14) Pw:6(6) AC:7 Xp:1/5 T:265 Latest messages: $ - 3 gold pieces. The sewer rat bites! The sewer rat bites! The sewer rat bites! Lucey bites the sewer rat. The sewer rat is killed! You swap places with Lucey. You swap places with Lucey. Lucey drops an uncursed murky potion. Lucey picks up an uncursed murky potion. $ - 5 gold pieces (8 in total). You see here an uncursed lamp. You swap places with Lucey. j - an uncursed murky potion. You swap places with Lucey. You see here an uncursed lamp. k - an uncursed lamp. You swap places with Lucey. That door is closed. The door opens. You miss the newt. You kill the newt! l - an uncursed brilliant blue potion. There is nothing here to pick up. $ - 4 gold pieces (12 in total). You see here an uncursed statue of a lichen. You stop. Lucey is in the way! You swap places with Lucey. You see here an uncursed statue of a lichen. The sewer rat bites! You miss the sewer rat. The sewer rat bites! Lucey bites the sewer rat. The sewer rat is killed! You see here an uncursed statue of a lichen. Lucey eats an uncursed sewer rat corpse. You swap places with Lucey. # What do you want to dip? [a-l or ?*] What do you want to dip an uncursed lamp into? [djl or ?*] Your lamp glows with a light blue aura. # What do you want to rub? [k or ?*] You now wield a blessed lamp. In a cloud of smoke, a djinni emerges! The djinni speaks. "I am in your debt. I will grant one wish!" You may wish for an object. You are blasted by the key named the Master Key of Thievery's power! You die... Inventory: Coins ('$') $ - 12 gold pieces Weapons (')') a - a blessed +1 mace Armor ('[') c - an uncursed +0 small shield (being worn) b - an uncursed +0 robe (being worn) Comestibles ('%') e - an uncursed clove of garlic f - an uncursed sprig of wolfsbane i - an uncursed lichen corpse Spellbooks ('+') h - a blessed spellbook of identify g - an uncursed spellbook of protection Potions ('!') j - an uncursed potion of healing l - an uncursed potion of see invisible d - 3 potions of holy water Tools ('(') k - a blessed oil lamp (wielded) Finitelycraig the Priest's attributes: Background: You were an Aspirant, a level 1 human Priest. You were lawful, on a mission for Anu who was opposed by Ishtar (neutral) and Anshar (chaotic). You were right-handed. You were in the Dungeons of Doom, on level 1. You entered the dungeon 265 turns ago. It was nighttime. You had 5 experience points, 15 more were needed to attain level 2. Basics: You had 0 out of 14 hit points. You had all 6 energy points (spell power). Your armor class was 7. Your wallet contained 12 zorkmids. Autopickup was on for '$?!"=/*', with exceptions. Final Characteristics: Your strength was 11 (limit:18/100). Your dexterity was 12 (limit:18). Your constitution was 13 (limit:18). Your intelligence was 9 (limit:18). Your wisdom was 18 (limit:18). Your charisma was 12 (limit:18). Final Status: You weren't hungry. You were unencumbered. You were wielding a tool. Final Attributes: You were fervently aligned. You were guarded. You are dead. Miscellaneous: You disabled loading of bones levels. Total elapsed playing time was 2 minutes and 17 seconds. Major events: Turn 1: finitelycraig the lawful human Priest entered the dungeon 265: made his first wish - "blessed master key of thievery", got "a blessed key named the Master Key of Thievery" 265: killed by touching The Master Key of Thievery Vanquished creatures: 2 sewer rats a lichen a newt 4 creatures vanquished. No species were genocided or became extinct. Voluntary challenges: You went without food. You were an atheist. You were illiterate. You never engraved Elbereth. You never genocided any monsters. You never polymorphed an object. You never changed form. You used 1 wish (for an artifact). The Dungeons of Doom: Level 1: <- You were here. A fountain, many trees. Final resting place for you, killed by touching The Master Key of Thievery. Game over: ---------- / \ / REST \ / IN \ / PEACE \ / \ | finitelycraig | | 12 Au | | killed by | | touching The | | Master Key of | | Thievery | | 2024 | *| * * * | * _________)/\\_//(\/(/\)/\//\/|_)_______ Goodbye finitelycraig the Priest... You died in The Dungeons of Doom on dungeon level 1 with 31 points, and 12 pieces of gold, after 265 moves. You were level 1 with a maximum of 14 hit points when you died.